 Dungeon Crawl Stone Soup version 0.25.1-2-g60ff931df9 (webtiles) character file.

Game seed: 17830072663397049495

103 lepoulpe303 the Ducker (level 4, -3/23 HPs)
             Began as a Spriggan Abyssal Knight on Aug 17, 2020.
             Was a Believer of Lugonu.
             Slain by an orc wizard
             ... wielding a +0 dagger
              (5 damage)
             ... on level 3 of the Dungeon.
             The game lasted 00:06:40 (2458 turns).

lepoulpe303 the Ducker (Spriggan Abyssal Knight)    Turns: 2458, Time: 00:06:41

Health: -3/23      AC:  2    Str:  9    XL:     4   Next: 51%
Magic:  7/7        EV: 19    Int: 17    God:    Lugonu [**....]
Gold:   134        SH:  0    Dex: 15    Spells: 3/3 levels left

rFire    . . .     SeeInvis +   f - +8 war axe "Siateuf" {holy, Int+4 SInv}
rCold    . . .     Gourm    .   (shield restricted)
rNeg     . . .     Faith    .   b - +0 robe
rPois    .         Spirit   .   (helmet restricted)
rElec    .         Reflect  .   (no cloak)
rCorr    .         Harm     .   (gloves unavailable)
MR       ++...                  (boots unavailable)
Stlth    +.........             (no amulet)
HPRegen  0.07/turn              n - ring of protection from magic
MPRegen  0.10/turn              m - ring of protection from magic

@: very quick
A: very small, unfitting armour, see invisible, herbivore, speed 3, slow
metabolism 2
a: Depart the Abyss, Bend Space, Renounce Religion


You were on level 3 of the Dungeon.
You worshipped Lugonu.
Lugonu was pleased with you.
You were not hungry.

You visited 1 branch of the dungeon, and saw 3 of its levels.
You visited the Abyss 1 time.

You collected 134 gold pieces.

Inventory:

Hand Weapons
 a - a +1 short sword
 f - the +8 war axe "Siateuf" (weapon) {holy, Int+4 SInv}
   (You found it on level 2 of the Abyss)

   It has been blessed by the Shining One to cause great damage to the undead
   and demons.
   It affects your intelligence (+4).
   It lets you see invisible.
Armour
 b - a +0 robe (worn)
Jewellery
 m - a ring of protection from magic (right hand)
 n - a ring of protection from magic (left hand)
 o - an uncursed ring of ice {rC+, rF-}
Scrolls
 c - a scroll of random uselessness {unknown}
 g - a scroll of teleportation {unknown}
 i - 2 scrolls of identify
 k - a scroll of amnesia {unknown}
 l - a scroll of fear {unknown}
 w - 3 scrolls of remove curse
Potions
 h - a potion of flight {unknown}
 j - 4 potions of curing {unknown}
Miscellaneous
 d - a phial of floods
Comestibles
 e - 8 rations


   Skills:
 + Level 2.9 Fighting
 - Level 2.2 Short Blades
 * Level 1.6 Axes
 + Level 4.3 Dodging
 * Level 3.1 Invocations


You had 3 spell levels left.
You didn't know any spells.
Your spell library was empty.

Dungeon Overview and Level Annotations

Branches:
Dungeon (3/15)

Altars:
Okawaru


Innate Abilities, Weirdness & Mutations

You are very small and have problems with some larger weapons.
You are too small for most types of armour.
You have supernaturally acute eyesight. (SInv)
You are a herbivore.
You cover ground extremely quickly.
You need to consume almost no food.


Message History

You slash the orc!
You kill the orc!
The orc priest calls down the wrath of Beogh upon you.
Beogh smites you!
* * * LOW HITPOINT WARNING * * *
You take 11 damage, and have 12/23 hp.
MASSIVE DAMAGE!!
The orc priest completely misses you.
You see here a +0 hand axe.
You completely miss the orc priest. You hit the orc but do no damage.
The orc misses you.
The orc priest hits you with a +0 war axe.
* * * LOW HITPOINT WARNING * * *
The orc hits you with a +0 short sword.
* * * LOW HITPOINT WARNING * * *
You take 10 damage, and have 2/23 hp.
MASSIVE DAMAGE!!
You barely miss the orc priest. You hit the orc. You slash the orc wizard!
The orc wizard hits you with a +0 dagger.
You die...

#.#.........# #..
#.#.####.#### #.#
#.#.# #..# #.# #.#.#
##.# #.# # #.#.# #.#
#.# #.###.#.# ###.##
#.# ##.....#)#...#..#
#.# #.....o.†....##.##
#.# #.....@......##..#
#.# #....oo......###.#
#.#
.....o........###.##
#..
###................#
#.#
#..##...##..##.#.###..
#.. .....#..##.#..##.#
.. .._... .##.##.##.#
... .....#. .. #.##.#
|. #†##.#


You could see an orc priest, an orc wizard (invisible) and 2 orcs.

Levels and vault maps discovered:
D:1:      minmay_arrival_four_circles, layout_basic, chequers_garden,
          minmay_domino_4
D:2:      layout_rooms
D:3:      minmay_roachtagon, layout_basic, overflow_temple_1_default,
          okawaru_gym_becter, first_ration, uniq_sigmund

Notes
Turn   | Place    | Note
-------+----------+-------------------------------------------
     0 | Abyss:1  | lepoulpe303 the Spriggan Abyssal Knight began the quest for
                  | the Orb.
     0 | Abyss:1  | Reached XP level 1. HP: 11/11 MP: 3/3
    40 | Abyss:1  | Noticed an ancient zyme
    79 | Abyss:1  | Noticed a guardian serpent
   145 | Abyss:2  | Got a faintly glowing war axe
   154 | Abyss:2  | Noticed an insubstantial wisp
   156 | Abyss:2  | Noticed an insubstantial wisp
   181 | Abyss:2  | Found a corrupted altar of Lugonu.
   190 | Abyss:2  | Noticed a ynoxinul
   191 | Abyss:2  | Noticed an Executioner
   193 | Abyss:2  | HP: 2/11 [Executioner/nerve-wracking pain (9)]
   194 | D:1      | Escaped the Abyss
   475 | D:1      | Identified a scroll of fog
   514 | D:1      | Identified the +8 war axe "Siateuf" {holy, Int+4 SInv} (You
                  | found it on level 2 of the Abyss)
   746 | D:1      | Reached skill level 2 in Invocations
   749 | D:1      | Identified a +0 club
   764 | D:1      | Reached * piety under Lugonu
   934 | D:1      | Identified a +0 club
   935 | D:1      | Identified a +0 short sword
   938 | D:1      | Reached XP level 2. HP: 16/16 MP: 4/4
  1201 | D:1      | Identified a +0 dagger
  1326 | D:1      | Identified a +0 club
  1331 | D:1      | Reached skill level 1 in Axes
  1522 | D:2      | Identified a +0 club
  1526 | D:2      | Reached XP level 3. HP: 19/19 MP: 5/5
  1545 | D:2      | Reached skill level 4 in Dodging
  1557 | D:2      | Identified a +0 club
  1560 | D:2      | Identified a +0 whip
  1561 | D:2      | Identified a +0 short sword
  1625 | D:2      | Identified a +0 dagger
  1649 | D:2      | Identified a +0 club
  1660 | D:2      | Identified a +0 robe
  1678 | D:2      | Identified a +0 club
  1689 | D:2      | Identified a cursed -3 dagger
  1773 | D:2      | Reached XP level 4. HP: 10/23 MP: 7/7
  1970 | D:2      | Identified a +0 short sword
  1974 | D:2      | Identified a cursed -2 whip
  1979 | D:2      | Reached ** piety under Lugonu
  1981 | D:2      | Reached skill level 3 in Invocations
  2274 | D:3      | Identified 3 scrolls of identify
  2274 | D:3      | Identified a scroll of remove curse
  2275 | D:3      | Identified a ring of ice (You found it on level 3 of the
                  | Dungeon)
  2276 | D:3      | Identified a ring of protection from magic (You found it on
                  | level 1 of the Abyss)
  2441 | D:3      | Identified a +0 club
  2449 | D:3      | Identified a +0 war axe
  2450 | D:3      | Identified a +0 hand axe
  2451 | D:3      | Identified a +0 short sword
  2451 | D:3      | Identified a +0 ring mail
  2452 | D:3      | Identified a +0 dagger
  2452 | D:3      | Identified a +0 robe
  2454 | D:3      | Found an iron altar of Okawaru.
  2457 | D:3      | HP: 2/23 [orc/+0 short sword (6)]
  2458 | D:3      | Slain by an orc wizard

Table legend:
 A = Turns spent in this place as a percentage of turns spent in the entire game.
 B = Non-inter-level travel turns spent in this place as a percentage of non-inter-level travel turns spent in the entire game.
 C = Inter-level travel turns spent in this place as a percentage of turns spent in this place.
 D = Turns resting spent in this place as a percentage of non-inter-level travel turns spent in this place.
 E = Turns spent auto-exploring this place as a percentage of non-inter-level travel turns spent in this place.
 F = Non-inter-level travel turns spent in this place divided by the number of levels of this place that you've seen.
                   A       B       C       D       E      F
               +-------+-------+-------+-------+-------+----------------------
         Total | 100.0 | 100.0 |   1.5 |  23.8 |  52.9 | 484.2
       Dungeon |  92.1 |  92.0 |   1.6 |  25.9 |  57.5 | 742.3
         Abyss |   7.9 |   8.0 |   0.0 |   0.0 |   0.0 |  97.0
               +-------+-------+-------+-------+-------+----------------------

Table legend:
 A = Kills in this place as a percentage of kills in entire the game.
 B = Kills by you in this place as a percentage of kills by you in the entire game.
 C = Kills by friends in this place as a percentage of kills by friends in the entire game.
 D = Other kills in this place as a percentage of other kills in the entire game.
 E = Experience gained in this place as a percentage of experience gained in the entire game.
 F = Experience gained in this place divided by the number of levels of this place that you have seen.
                   A       B       C       D       E      F
               +-------+-------+-------+-------+-------+----------------------
         Total | 100.0 | 100.0 |   N/A |   N/A | 100.0 |  29.6
       Dungeon | 100.0 | 100.0 |   N/A |   N/A | 100.0 |  49.3
               +-------+-------+-------+-------+-------+----------------------

Skill      XL: |  1  2  3  4 |
---------------+-------------+-----
Invocations    | 2 3 |  3.1
Axes           | 1 |  1.6
Dodging        | 4 |  4.3
Fighting       | |  2.9
Short Blades   | |  2.2

Action                   |  1- 3 |  4- 6 || total
-------------------------+-------+-------++-------
Melee: War axe           |    71 |    31 ||   102
       Short sword       |     3 |       ||     3
Invok: Depart the Abyss  |     1 |       ||     1
  Use: Scroll            |     1 |     1 ||     2
 Stab: Sleeping          |     2 |       ||     2
Armor: Robe              |     8 |     3 ||    11
Dodge: Dodged            |    73 |    24 ||    97

Vanquished Creatures
  2 adders (D:2)
  3 oozes (D:2)
  A worm (D:2)
  2 dart slugs
  A leopard gecko (D:1)
  An orc (D:3)
  A ball python (D:1)
  12 bats
  3 giant cockroaches
  8 goblins
  8 hobgoblins
  2 jackals (D:3)
  A frilled lizard (D:2)
  10 kobolds
  6 rats
61 creatures vanquished.
